 Dungeon Crawl Stone Soup version 0.24-a0-250-g6074511 (webtiles) character file.

Game seed: 5687736756613052973

119 Borgoz the Cutter (level 5, 0/32 HPs)
             Began as a Kobold Gladiator on Apr 14, 2019.
             Slain by a worm (10 damage)
             ... on level 3 of the Dungeon.
             The game lasted 00:03:08 (1913 turns).

Borgoz the Cutter (Kobold Gladiator)                Turns: 1913, Time: 00:03:09

Health: 0/32       AC:  4    Str: 12      XL:     5   Next: 24%
Magic:  5/5        EV: 16    Int:  7 (10) God:
Gold:   206        SH:  0    Dex: 15 (16) Spells: 4/4 levels left

rFire    . . .     SeeInvis .   a - +0 rapier
rCold    . . .     Gourm    .   (shield restricted)
rNeg     . . .     Faith    .   b - +0 leather armour
rPois    .         Spirit   .   c - +0 helmet
rElec    .         Reflect  .   (no cloak)
rCorr    .         Harm     .   (no gloves)
MR       .....                  (no boots)
Stlth    +.........             (no amulet)
HPRegen  0.10/turn              (no ring)
MPRegen  0.09/turn              (no ring)

@: no status effects
A: small, carnivore
a: no special abilities


You were on level 3 of the Dungeon.
You were very full.

You visited 1 branch of the dungeon, and saw 3 of its levels.

You collected 206 gold pieces.

Inventory:

Hand Weapons
 a - a +0 rapier (weapon)
Missiles
 d - 3 throwing nets (quivered)
Armour
 b - a +0 leather armour (worn)
 c - a +0 helmet (worn)
Scrolls
 g - a scroll of teleportation
 j - 2 scrolls of identify {unknown}
 l - a scroll of remove curse {unknown}
Comestibles
 f - 3 rations


   Skills:
 + Level 3.3 Fighting
 + Level 5.0 Short Blades
 - Level 2.1 Throwing
 + Level 1.5 Armour
 + Level 4.6 Dodging


You had 4 spell levels left.
You didn't know any spells.
Your spell library was empty.

Dungeon Overview and Level Annotations

Branches:
Dungeon (3/15)

Altars:
Gozag


Innate Abilities, Weirdness & Mutations

You are small and have problems with some larger weapons.
You are carnivorous and can eat meat at any time.


Message History

You kill the goblin!
You barely miss the giant cockroach. The giant cockroach barely misses you.
You hit the giant cockroach.
The giant cockroach is moderately wounded.
The giant cockroach barely misses you. The giant cockroach closely misses you.
You barely miss the giant cockroach.
The giant cockroach is moderately wounded.
The giant cockroach bites you but does no damage.
Your leather armour prevents you from hitting the giant cockroach.
The giant cockroach is moderately wounded.
The giant cockroach misses you.
You hit the giant cockroach.
You kill the giant cockroach!
You hit the rat.
You kill the rat!
The worm bites you.
Things that are here:
a +0 short sword; a goblin corpse The worm bites you!
You die...

#.$....... .. #
#...#.##..
#..##.#.........
......#.........
................
#.w.......
#<........
##########........
#...).@...........
#####w............
.......#.....#...
######.#......../
..........#.
#..#.......#
#..#.......#
#..#.......#


You could see a worm.

Vanquished Creatures
  2 adders
  4 gnolls (D:2)
  An ooze (D:1)
  3 dart slugs
  2 leopard geckos (D:2)
  3 giant cockroaches
  7 goblins
  7 hobgoblins
  6 kobolds
  8 bats
  2 frilled lizards
  6 rats
51 creatures vanquished.

Notes
Turn   | Place    | Note
-------+----------+-------------------------------------------
     0 | D:1      | Borgoz the Kobold Gladiator began the quest for the Orb.
     0 | D:1      | Reached XP level 1. HP: 12/12 MP: 1/1
    61 | D:1      | Reached XP level 2. HP: 18/18 MP: 2/2
   537 | D:1      | Reached XP level 3. HP: 19/22 MP: 3/3
  1221 | D:2      | Reached skill level 1 in Armour
  1278 | D:2      | Reached XP level 4. HP: 19/27 MP: 4/4
  1322 | D:2      | Found an opulent altar of Gozag.
  1639 | D:2      | Reached XP level 5. HP: 31/32 MP: 5/5
  1882 | D:3      | Reached skill level 5 in Short Blades
  1913 | D:3      | Slain by a worm

Levels and vault maps discovered:
D:1:      dpeg_arrival_simpleton_b, layout_rooms
D:2:      layout_basic, old_standard_altar, serial_bayou_pond_a,
          kennysheep_generic_room_12
D:3:      layout_basic, fedhas_altar_2

Skill      XL: |  1  2  3  4  5 |
---------------+----------------+-----
Dodging        | 4 |  4.6
Armour         | 1 |  1.5
Fighting       | 3 |  3.3
Short Blades   | 5 |  5.0
Throwing       | |  2.1

Action                   |  1- 3 |  4- 6 || total
-------------------------+-------+-------++-------
Melee: Rapier            |    95 |    85 ||   180
Throw: Throwing net      |     3 |       ||     3
  Use: Potion            |     4 |     2 ||     6
       Scroll            |     1 |       ||     1
 Stab: Sleeping          |     2 |       ||     2
  Eat: Chunk             |     9 |     2 ||    11
Armor: Leather armour    |    21 |    11 ||    32
Dodge: Dodged            |    91 |    74 ||   165

Table legend:
 A = Non-vault XP
 B = Vault XP
 C = Vault XP percentage of total XP
 D = Non-vault monster count
 E = Vault monster count
 F = Vault count percentage of total count
                 A         B        C        D         E       F
            +---------+---------+-------+---------+---------+-------
      Total |     167 |       4 |   2.3 |      50 |       1 |   2.0
            +---------+---------+-------+---------+---------+-------
        D:1 |      30 |       0 |   0.0 |      14 |       0 |   0.0
        D:2 |     115 |       4 |   3.4 |      30 |       1 |   3.2
        D:3 |      22 |       0 |   0.0 |       6 |       0 |   0.0
            +---------+---------+-------+---------+---------+-------
